Map: Oxide LE

Players

PiLiPiLi - Winner!

  • Race: Protoss Protoss

Nina

  • Race: Protoss Protoss

Event: DreamHack SC2 Masters 2021 Fall

VOD

Have the link to the VOD?

Description

Time

  • Played on: Aug. 7, 2021, 5:09 p.m.
  • Length: 9:21

All games in this series

Show
View Real Time Build Order
Export as new Build Order

PiLiPiLi Protoss - Winner!

Build Orders:  

Get SALT Encoding   

  12  0:01  Probe  
  13  0:13  Probe  
  14  0:20  Pylon  
  14  0:25  Probe  
  15  0:38  Probe (Chrono Boost)  
  15  0:39  Gateway  
  16  0:47  Assimilator, Probe (Chrono Boost)  
  17  0:52  Probe  
  18  1:02  Assimilator  
  18  1:04  Probe  
  19  1:16  Probe  
  20  1:19  Gateway  
  20  1:27  Cybernetics Core  
  20  1:29  Probe  
  21  1:41  Probe  
  21  1:42  Pylon  
  22  1:53  Probe  
  23  1:57  Warp Gate (Chrono Boost)  
  22  2:06  Stalker x2  
  22  2:08  Probe  
  27  2:29  Robotics Facility  
  27  2:33  Pylon  
  27  2:36  Stalker  
  29  2:40  Stalker  
  31  2:54  Gateway  
  31  2:58  Gateway  
  31  3:13  Warp Prism (Chrono Boost)  
  33  3:20  Pylon  
  33  3:38  Stalker x2  
  37  4:09  Adept x4  
  45  4:15  Warp Prism  
  41  4:35  Stalker x2  
  41  4:47  Stalker x2  
  43  5:15  Pylon  
  41  5:21  Warp Prism  
  41  5:27  Stalker x2  
  45  5:46  Stalker  
  45  5:47  Stalker  
  45  6:12  Stalker x4  
  45  6:40  Adept x4  
  41  6:53  Warp Prism  
  37  7:02  Twilight Council  
  29  7:34  Nexus  
  29  7:36  Observer (Chrono Boost)  
  30  7:40  Dark Shrine  
  30  7:54  Stalker x2  
  34  7:58  Stalker  
  36  8:27  Probe  
  37  8:39  Pylon  
  37  8:47  Probe  
  38  8:53  Dark Templar  
  38  8:54  Dark Templar  
Show
View Real Time Build Order
Export as new Build Order

Nina Protoss 

Build Orders: Blink Stalkers 

Get SALT Encoding   

  12  0:00  Probe  
  13  0:12  Probe  
  14  0:17  Pylon  
  14  0:24  Probe  
  15  0:36  Probe (Chrono Boost)  
  15  0:37  Gateway  
  16  0:47  Probe (Chrono Boost)  
  16  0:48  Assimilator  
  17  0:52  Probe (Chrono Boost)  
  18  1:03  Probe  
  19  1:07  Assimilator  
  19  1:09  Pylon  
  19  1:15  Probe  
  20  1:27  Probe  
  20  1:28  Cybernetics Core  
  21  1:39  Probe  
  22  1:51  Probe  
  23  2:03  Probe  
  23  2:04  Stalker  
  23  2:06  Warp Gate  
  27  2:15  Probe  
  27  2:16  Nexus  
  27  2:27  Twilight Council, Probe  
  28  2:34  Shield Battery  
  28  2:40  Stalker  
  30  2:52  Pylon  
  30  2:57  Gateway  
  30  2:58  Blink (Chrono Boost)  
  29  3:15  Gateway  
  29  3:30  Probe  
  29  3:31  Probe  
  31  3:42  Probe  
  31  3:45  Shield Battery  
  32  3:54  Pylon, Stalker x2  
  36  3:56  Probe  
  36  3:57  Probe  
  38  4:07  Robotics Facility  
  38  4:10  Stalker  
  30  4:24  Stalker  
  25  4:33  Stalker  
  25  4:50  Pylon  
  25  4:51  Pylon  
  25  4:59  Stalker  
  27  5:00  Probe x2  
  29  5:10  Stalker  
  29  5:12  Probe  
  30  5:25  Stalker  
  32  5:30  Stalker  
  34  5:37  Zealot  
  34  5:41  Probe  
  35  5:51  Stalker  
  35  5:54  Zealot  
  35  5:55  Probe  
  38  6:04  Adept  
  38  6:14  Zealot x2  
  37  6:24  Zealot  
  29  6:44  Pylon, Zealot  
  19  6:52  Probe x2  
  17  7:04  Probe  
  17  7:06  Probe  
  17  7:20  Probe (Chrono Boost)  
  16  7:29  Probe x2 (Chrono Boost)  
  18  7:36  Probe (Chrono Boost)  
  19  7:37  Probe (Chrono Boost)  
  20  7:48  Probe (Chrono Boost)  
  22  7:51  Probe (Chrono Boost)  
  22  7:55  Probe (Chrono Boost)  
  22  7:58  Probe (Chrono Boost)  
  21  8:18  Probe x2  
  23  8:31  Stalker  
  26  8:34  Probe x2 (Chrono Boost)  
  27  8:44  Probe (Chrono Boost)  
  27  8:46  Probe (Chrono Boost)  
  29  8:49  Probe (Chrono Boost)  
  29  8:54  Probe  
  31  8:56  Pylon  
  31  9:03  Stalker  
  31  9:05  Probe  
  31  9:07  Probe  

Tags
 
Add a new tag
Caveats
  • Supply blocks, unpowered buildings, or Contaminate may cause inaccurate times.
  • Supply counts are checked every 10 seconds.